 Seeded DCSS version 0.30-a0-371-gad7725a93e (webtiles) character file.

Game seed: 13658021519148660155 (custom seed)

518 innerfire433 the Trooper (level 7, -1/55 HPs)
             Began as a Demonspawn Monk on Nov 21, 2022.
             Was an Elder of Fedhas.
             Slain by Edmund
             ... wielding a +2 flail of protection
              (3 damage)
             ... on level 5 of the Dungeon.
             The game lasted 00:05:55 (3094 turns).

innerfire433 the Trooper (Demonspawn Monk)          Turns: 3094, Time: 00:05:56

Health: -1/55      AC: 12    Str: 17    XL:     7   Next: 1%
Magic:  7/7        EV: 13    Int: 12    God:    Fedhas [****..]
Gold:   243        SH:  0    Dex: 15    Spells: 6/6 levels left

rFire   . . .      SeeInvis .    l - +3 quarterstaff (chaos)
rCold   . . .      Faith    .    (shield currently unavailable)
rNeg    . . .      Spirit   .    G - +1 leather armour "Odudgh" {Str+4}
rPois   .          Reflect  .    g - +2 helmet
rElec   .          Harm     .    q - +1 cloak
rCorr   .          Rampage  .    v - +0 pair of gloves
Will    .....                    u - +1 pair of boots
Stlth   ++........               (no amulet)
HPRegen 0.29/turn                (no ring)
MPRegen 0.10/turn                (no ring)

@: no status effects
A: powered by pain 1, sturdy frame 1, weakness stinger 1
a: Renounce Religion, Wall of Briars, Grow Ballistomycete, Overgrow


You were on level 5 of the Dungeon.
You worshipped Fedhas.
Fedhas was greatly pleased with you.
You visited 1 branch of the dungeon, and saw 5 of its levels.

You collected 243 gold pieces.

Inventory:

Hand Weapons
 a - a +0 hand axe
 d - a +3 hand axe
 l - a +3 quarterstaff of chaos (weapon)
Missiles
 i - a throwing net (quivered)
Armour
 b - a +0 robe
 c - a +2 animal skin
 g - a +2 helmet (worn)
 q - a +1 cloak (worn)
 u - a +1 pair of boots (worn)
 v - a +0 pair of gloves (worn)
 G - the +1 leather armour "Odudgh" (worn) {Str+4}
   (You found it on level 4 of the Dungeon)

   Str:       It affects your strength (+4).
Wands
 y - a wand of flame (8)
Scrolls
 e - 3 scrolls of immolation {unknown}
 f - 6 scrolls of identify {unknown}
 h - a scroll of butterflies {unknown}
 j - 4 scrolls of poison {unknown}
 k - 2 scrolls of teleportation {unknown}
 m - 4 scrolls of vulnerability {unknown}
 o - a scroll of amnesia {unknown}
 s - 2 scrolls of summoning {unknown}
 w - 2 scrolls of fear {unknown}
 B - a scroll of torment {unknown}
 C - a scroll of silence {unknown}
 D - a scroll of magic mapping {unknown}
 E - 2 scrolls of enchant weapon {unknown}
Potions
 n - a potion of resistance {unknown}
 p - 2 potions of magic {unknown}
 r - a potion of curing {unknown}
 t - a potion of degeneration {unknown}
 x - a potion of flight {unknown}
 z - a potion of brilliance {unknown}
 F - a potion of attraction {unknown}


   Skills:
 + Level 4.7 Fighting
 - Level 3.8 Axes
 * Level 3.6 Staves
 + Level 4.2 Dodging
 - Level 1.8 Stealth


You had 6 spell levels left.
You didn't know any spells.
Your spell library contained the following spells:

 Spells                   Type           Power      Damage    Failure   Level
 Magic Dart               Conj           0%         1d3       34%         1
 Summon Small Mammal      Summ           0%         N/A       34%         1
 Blink                    Tloc           0%         N/A       45%         2
 Call Imp                 Summ           0%         N/A       45%         2
 Momentum Strike          Conj/Tloc      0%         3d8       45%         2
 Call Canine Familiar     Summ           0%         N/A       71%         3
 Gell's Gravitas          Tloc           0%         N/A       71%         3
 Hailstorm                Conj/Ice       0%         3d3       71%         3
 Lesser Beckoning         Tloc           0%         N/A       71%         3
 Mephitic Cloud           Conj/Pois/Air  0%         N/A       71%         3
 Summon Guardian Golem    Hex/Summ       0%         N/A       71%         3
 Teleport Other           Tloc           0%         N/A       71%         3
 Ice Form                 Ice/Tmut       0%         N/A       98%         4
 Dispersal                Tloc           0%         N/A       100%        6
 Simulacrum               Ice/Necr       0%         N/A       100%        6


Dungeon Overview and Level Annotations

Branches:
Dungeon (5/15)
 Temple: D:4-7

Altars:
Fedhas

Shops:
D:1 !   D:2 !

Annotations:
D:5 Edmund


Innate Abilities, Weirdness & Mutations

You sometimes gain a little power by taking damage.
Your movements are slightly less encumbered by armour. (ER -2)
You have a small tail.


Message History

You hit Edmund.
Edmund flickers and vanishes!
Deactivating autopickup; reactivate with Ctrl-A.
Something hits you!
You are too injured to fight recklessly!
You are too injured to fight recklessly!
Something hits you.
You miss something. Something hits you.
You hit something but do no damage. You tail-slap something.
Something barely misses you.
You completely miss something. Something barely misses you.
Something hits you but does no damage.
You closely miss something. Something hits you.
You completely miss something. Something hits you.
You closely miss something. Something hits you!
* * * LOW HITPOINT WARNING * * *
You miss something.
Your tail-slap misses something.
Something hits you.
* * * LOW HITPOINT WARNING * * *
You closely miss something.
Your tail-slap misses something.
Something hits you but does no damage.
You hit something. You tail-slap something.
You hear a zap.
A bolt of dispelling energy appears from out of thin air!
The bolt of dispelling energy hits you.
* * * LOW HITPOINT WARNING * * *
You feel much better.
You hear a zap.
A bolt of dispelling energy appears from out of thin air!
The bolt of dispelling energy hits you!
* * * LOW HITPOINT WARNING * * *
You barely miss something.
You hear a zap.
A bolt of dispelling energy appears from out of thin air!
The bolt of dispelling energy hits you!
* * * LOW HITPOINT WARNING * * *
The now-empty wand crumbles to dust.
You closely miss something. Something hits you.
* * * LOW HITPOINT WARNING * * *
You miss something. Something hits you.
You die...
Fedhas appreciates your contribution to the ecosystem.

#.......# #.......#
..# #.......# ..#
#.......###### ..#
+....)..#....###..#
###.......#.........#
..........#.........#
...##'#####.....{...#
...#......#.....@...#
...#.....##....##...#
...#.....##....##...#
...#.....##.....#...#
...#............+...#
...#............#...#
...+.....##+#########
...###+### ....


There were no monsters in sight!

Vanquished Creatures
  2 scorpions (D:4)
  A howler monkey (D:4)
  An orc priest (D:3)
  A hound (D:4)
  Crazy Yiuf (D:2)
  An iguana (D:4)
  Terence (D:3)
  Natasha (thrice) (D:3)
  Robin (D:2)
  4 gnolls (D:5)
  2 adders
  4 orcs
  4 bats
  6 endoplasms
  3 giant cockroaches (D:2)
  11 goblins
  12 hobgoblins
  4 kobolds
  3 quokkas
  8 ball pythons
  3 frilled lizards
  3 rats
79 creatures vanquished.

Vanquished Creatures (collateral kills)
  An adder (D:4)
  A hobgoblin (D:4)
2 creatures vanquished.

Grand Total: 81 creatures vanquished

Notes
Turn   | Place    | Note
-------+----------+-------------------------------------------
     0 | D:1      | innerfire433 the Demonspawn Monk began the quest for the
                  | Orb.
     0 | D:1      | Reached XP level 1. HP: 18/18 MP: 1/1
   312 | D:1      | Found Mijehyny's Distillery.
   397 | D:1      | Found a faded altar of an unknown god.
   438 | D:1      | Prayed at the altar of an unknown god.
   438 | D:1      | Became a worshipper of Fedhas Madash
   438 | D:1      | Reached * piety under Fedhas
   438 | D:1      | Reached ** piety under Fedhas
   459 | D:1      | Gained mutation: You have a small tail. [demonic ancestry]
   459 | D:1      | Reached XP level 2. HP: 24/24 MP: 2/2
   733 | D:2      | Noticed Robin
   737 | D:2      | Reached *** piety under Fedhas
   751 | D:2      | HP: 1/24 [hobgoblin[Robin] (4)]
   754 | D:2      | Killed Robin
   755 | D:2      | Gained mutation: You sometimes gain a little power by
                  | taking damage. [demonic ancestry]
   755 | D:2      | Reached XP level 3. HP: 11/29 MP: 3/3
   829 | D:2      | Found a runed translucent door.
   830 | D:2      | Noticed Crazy Yiuf
   869 | D:2      | Found Fioqon's Distillery.
  1191 | D:2      | Gained mutation: Your movements are slightly less
                  | encumbered by armour. (ER -2) [demonic ancestry]
  1191 | D:2      | Reached XP level 4. HP: 35/35 MP: 4/4
  1374 | D:2      | Killed Crazy Yiuf
  1431 | D:3      | Noticed Natasha
  1437 | D:3      | Killed Natasha
  1528 | D:3      | Noticed Terence
  1539 | D:3      | Killed Terence
  1540 | D:3      | Reached skill level 1 in Staves
  1540 | D:3      | Reached XP level 5. HP: 34/42 MP: 5/5
  1596 | D:3      | Noticed Natasha
  1606 | D:3      | Killed Natasha
  1744 | D:3      | Noticed Natasha
  1746 | D:3      | Killed Natasha
  2051 | D:3      | Reached **** piety under Fedhas
  2371 | D:4      | Reached XP level 6. HP: 42/48 MP: 6/6
  2829 | D:4      | Identified the +1 leather armour "Odudgh" {Str+4}
  2893 | D:5      | Entered Level 5 of the Dungeon
  2906 | D:5      | Reached XP level 7. HP: 33/55 MP: 7/7
  3071 | D:5      | Noticed Edmund
  3093 | D:5      | HP: 1/55 [something (4)]
  3094 | D:5      | Slain by Edmund

Illustrated notes

Levels and vault maps discovered:
D:1:      sevenhm_arrival_forest_fort_small_3, layout_basic,
          shapermc_ecumenical_altar_acropolis, serial_shops,
          nicolae_shop_crystal, serial_bayou_ford_a
D:2:      layout_basic, serial_shops, shop, uniq_robin, uniq_crazy_yiuf_cottage
D:3:      layout_basic, minmay_crystal_room, uniq_terence, uniq_natasha
D:4:      layout_cave_pools, st_stairs_4
D:5:      layout_gridville, uniq_duvessa, uniq_edmund

Skill      XL: |  1  2  3  4  5  6 |
---------------+-------------------+-----
Axes           | 3 |  3.8
Dodging        | 3 4 |  4.2
Staves         | 1 2 3 |  3.6
Fighting       | 4 |  4.7
Stealth        | |  1.8

Action                   |  1- 3 |  4- 6 |  7- 9 || total
-------------------------+-------+-------+-------++-------
Melee: Hand axe          |    66 |    11 |       ||    77
       Tailslap          |     4 |     6 |     5 ||    15
       Quarterstaff      |       |    85 |    23 ||   108
  Use: Potion            |     2 |     1 |     1 ||     4
 Stab: Sleeping          |     6 |     2 |       ||     8
       Distracted        |       |     2 |       ||     2
Armor: Robe              |     8 |       |       ||     8
       Animal skin       |     9 |    23 |       ||    32
       Leather armour    |       |     7 |     4 ||    11
Dodge: Dodged            |    54 |    76 |    11 ||   141

Table legend: (Time is in decaauts)
 A = Elapsed time spent in this place.
 B = Non-inter-level travel time spent in this place.
 C = Inter-level travel time spent in this place.
 D = Time resting spent in this place.
 E = Time spent auto-exploring this place.
 F = Levels seen in this place.
 G = Mean time per level.
                   A        B        C        D        E       F      G
               +--------+--------+--------+--------+--------+-----+--------+
         Total |   3140 |   3027 |    113 |      0 |   2336 |   5 |  628.0 |
       Dungeon |   3140 |   3027 |    113 |      0 |   2336 |   5 |  628.0 |
               +--------+--------+--------+--------+--------+-----+--------+

Top non-repeatable levels by time:
     D:3: 879 daAuts
     D:2: 736 daAuts
     D:1: 717 daAuts
     D:4: 602 daAuts
     D:5: 204 daAuts
